 Dungeon Sprint DCSS version 0.30-a0-1161-g0704695555 (webtiles) character file.

Game seed: 12720250845702573949

7700000 123456 the Ninja (level 27, -6/323 HPs)
             Began as a Demonspawn Wanderer on Apr 27, 2023.
             Was the Champion of Makhleb.
             Mangled by a meat berserker
             ... wielding a +9 battleaxe
              (25 damage)
             ... in the Dungeon (Sprint VIII: "Arena of Blood").
             The game lasted 00:02:01 (77 turns).

123456 the Ninja (Demonspawn Wanderer)                Turns: 77, Time: 00:02:02

Health: -6/323     AC:  6    Str: 12    XL:     27
Magic:  0/50       EV: 38    Int: 16    God:    Makhleb [******]
Gold:   0          SH:  8    Dex: 25    Spells: 72/73 levels left

rFire   . . .        l - +∞ Axe of Woe
rCold   . . .        (shield currently unavailable)
rNeg    . . .        e - +0 robe
rPois   .            c - +0 helmet
rElec   .            (cloak unavailable)
rCorr   .            (no gloves)
SInv    .            (no boots)
Will    ++...        (no amulet)
Stlth   ++++++++++   (no ring)
HPRegen 0.73/turn    (no ring)
MPRegen 0.64/turn

%: no teleportation, guardian spirit
@: no status effects
A: large bone plates 3, foul stench 3, robust 3, magic shield, magic
regeneration, magic link, weakness stinger 3
a: Renounce Religion, Minor Destruction, Lesser Servant of Makhleb, Major
Destruction, Greater Servant of Makhleb


You were in the Dungeon.
You worshipped Makhleb.
Makhleb was exalted by your worship.
You visited 1 branch

Inventory:

Hand Weapons
 a - a +0 dagger
 l - the +∞ Axe of Woe (weapon)
   (You found it in the Dungeon)
Armour
 c - a +0 helmet (worn)
 e - a +0 robe (worn)
Scrolls
 d - a scroll of fear
 k - a scroll of blinking
Potions
 b - 2 potions of heal wounds
 f - a potion of invisibility
 g - a potion of curing
 h - a potion of haste
 i - 2 potions of magic
 j - a potion of berserk rage


   Skills:
 O Level 27 Fighting
 + Level 24.3(27) Short Blades
 + Level 22.9(27) Long Blades
 O Level 27 Axes
 + Level 22.9(27) Maces & Flails
 + Level 22.9(27) Polearms
 + Level 22.9(27) Staves
 + Level 22.9 Ranged Weapons
 + Level 23.7 Throwing
 + Level 23.7 Armour
 O Level 27 Dodging
 O Level 27 Stealth
 O Level 27 Shields
 O Level 27 Unarmed Combat
 + Level 23.7 Spellcasting
 + Level 25.6 Conjurations
 + Level 26.5 Hexes
 + Level 26.2 Summonings
 O Level 27 Necromancy
 + Level 24.3 Translocations
 + Level 24.3 Transmutations
 + Level 25.1 Fire Magic
 + Level 25.2 Ice Magic
 + Level 25.1 Air Magic
 + Level 25.1 Earth Magic
 O Level 27 Poison Magic
 O Level 27 Invocations
 O Level 27 Evocations


You had 72 spell levels left.
You knew the following spells:

 Your Spells              Type           Power      Damage    Failure   Level
a - Freeze                Ice            100%       1d10      0%          1

Your spell library contained the following spells:

 Spells                   Type           Power      Damage    Failure   Level
 Hailstorm                Conj/Ice       79%        3d16      0%          3


Dungeon Overview and Level Annotations

Branches:
Dungeon (1/1)

Altars:
Makhleb


Innate Abilities, Weirdness & Mutations

You are completely covered in large bone plates. (SH +8)
You frequently emit foul miasma when damaged in melee.
You are extremely robust. (+30% HP)
When hurt, damage is shared between your health and your magic reserves.
You regenerate magic rapidly.
When low on magic, you restore magic in place of health.
You have a sharp stinger which inflicts weakening toxins.


Message History

You feel better.
You slash something!
You pulverise something into a thin bloody mist.
Makhleb accepts your kill.
You feel a bit more experienced.
You hit the large bag of meat but do no damage.
You pulverise the large bag of meat into a thin bloody mist.
Makhleb accepts your kill.
You feel better.
You slash the bag of meat!
You slaughter the bag of meat joyfully.
You kill the bag of meat!
Makhleb accepts your kill.
You feel better.
The large bag of meat explodes!
The fiery explosion engulfs you!!
The fiery explosion engulfs the bag of meat!!
You are engulfed in blazing flames.
You hear a shout! x2
The meat berserker is engulfed in blazing flames. x2
The meat berserker rages.
You hear a shout! x4
The accursed casts a spell at you. Something smites you!
Your base Short Blades skill increases to level 24!
Your Hexes skill increases to level 26!
Your Summonings skill increases to level 26!
Your Translocations skill increases to level 24!
Your Transmutations skill increases to level 24!
Your Fire Magic skill increases to level 25!
Your Ice Magic skill increases to level 25!
Your Air Magic skill increases to level 25!
Your Earth Magic skill increases to level 25!
You have mastered Poison Magic!
You have mastered Evocations!
Unknown command.
Unknown command.
The meat berserker attacks as you move away!
The meat berserker hits you with a +9 battleaxe!!!!
* * * LOW HITPOINT WARNING * * *
The meat berserker attacks as you move away!
The meat berserker hits you with a +9 battleaxe!!
You die...

#.......###..........
...###))...........###o
...._.....)))....z......
.#...))#).).))o#z#......
#_.<._#..))))))........
#..O..#....))#)#.#....
...._........))))......
...###.......☼W#)#.#..#
#.. ....###M.§)O@..o.#
#.. ....#....V§O§§o...#
#. ....#V......§o...#M.
.. ...o........oM...M..
..V..#...#......#
....#....#....o##
..##.....#.....#
.....#....##.


You could see 4 accurseds, 3 destroyers, a dread, 2 meat berserkers and 6 bags
of meat.

Vanquished Creatures
  5 hell beasts (D)
  2 wraiths (D)
  4 vampire knights (D)
  32 ogres (D)
  4 two-headed ogres (D)
  A lich (D)
  A hydra (D)
  2 phantoms (D)
  59 orcs (D)
  8 skeletal warriors (D)
118 creatures vanquished.

Notes
Turn   | Place    | Note
-------+----------+-------------------------------------------
     0 | D        | Found the +∞ Axe of Woe
     0 | D        | 123456 the Demonspawn Wanderer began the quest for the Orb.
     0 | D        | 123456 set off with the following items: a +0 dagger, 2
                  | potions of heal wounds, a +0 helmet, a scroll of fear, a +0
                  | robe, a potion of invisibility, a potion of curing, a
                  | potion of haste, 2 potions of magic, a potion of berserk
                  | rage, a scroll of blinking; and the following spell
                  | memorised: Freeze; and the following spells available to
                  | memorise: Hailstorm.
     0 | D        | Reached XP level 1. HP: 13/13 MP: 2/2
     2 | D        | Noticed a bag of meat
     3 | D        | Noticed a bag of meat
     4 | D        | Became a worshipper of Makhleb the Destroyer
     4 | D        | Noticed a bag of meat
     5 | D        | Noticed a bag of meat
     7 | D        | Noticed a bag of meat
     7 | D        | Killed a bag of meat
     7 | D        | Noticed a bag of meat
     8 | D        | Gained mutation: You have a small tail. [demonic ancestry]
     8 | D        | Reached XP level 2. HP: 19/19 MP: 3/3
     8 | D        | Reached XP level 3. HP: 24/24 MP: 4/4
     8 | D        | Reached XP level 4. HP: 30/30 MP: 5/5
     8 | D        | Gained mutation: You have a tail ending in a sharp stinger.
                  | [demonic ancestry]
     8 | D        | Reached XP level 5. HP: 35/35 MP: 6/6
     8 | D        | Gained mutation: You regenerate magic rapidly. [demonic
                  | ancestry]
     8 | D        | Reached XP level 6. HP: 41/41 MP: 7/7
     8 | D        | Gained mutation: You have a sharp stinger which inflicts
                  | weakening toxins. [demonic ancestry]
     8 | D        | Reached XP level 7. HP: 46/46 MP: 8/8
     8 | D        | Gained mutation: You are partially covered in large bone
                  | plates. (SH +4) [demonic ancestry]
     8 | D        | Reached XP level 8. HP: 52/52 MP: 9/9
     8 | D        | Gained mutation: You may rarely emit foul miasma when
                  | damaged in melee. [demonic ancestry]
     8 | D        | Reached XP level 9. HP: 57/57 MP: 10/10
     8 | D        | Reached XP level 10. HP: 63/63 MP: 11/11
     8 | D        | Noticed a meat berserker
     9 | D        | Killed a bag of meat
     9 | D        | Reached * piety under Makhleb
     9 | D        | Killed a bag of meat
     9 | D        | Noticed a meat berserker
    10 | D        | Reached skill level 10 in Axes
    10 | D        | Reached skill level 27 in Stealth
    10 | D        | Reached skill level 10 in Unarmed Combat
    10 | D        | Reached XP level 11. HP: 55/78 MP: 12/12
    10 | D        | Gained mutation: You are mostly covered in large bone
                  | plates. (SH +6) [demonic ancestry]
    10 | D        | Reached XP level 12. HP: 60/85 MP: 13/13
    10 | D        | Killed a meat berserker
    10 | D        | Killed a bag of meat
    10 | D        | Reached ** piety under Makhleb
    10 | D        | Noticed a bag of meat
    11 | D        | Reached skill level 5 in Dodging
    11 | D        | Reached XP level 13. HP: 69/98 MP: 14/14
    11 | D        | Killed a bag of meat
    12 | D        | Gained mutation: You sometimes emit foul miasma when
                  | damaged in melee. [demonic ancestry]
    12 | D        | Reached XP level 14. HP: 75/106 MP: 15/15
    12 | D        | Noticed a bag of meat
    13 | D        | Noticed a meat berserker
    13 | D        | Noticed a meat berserker
    13 | D        | Noticed a meat berserker
    14 | D        | Noticed a bag of meat
    14 | D        | Noticed a bag of meat
    14 | D        | Noticed a bag of meat
    14 | D        | Noticed a bag of meat
    14 | D        | Noticed a bag of meat
    14 | D        | Noticed a bag of meat
    14 | D        | Noticed a bag of meat
    15 | D        | Noticed a bag of meat
    15 | D        | Noticed a meat berserker
    15 | D        | Noticed a bag of meat
    16 | D        | Noticed a meat berserker
    16 | D        | Noticed a bag of meat
    16 | D        | Noticed a bag of meat
    16 | D        | Noticed a bag of meat
    17 | D        | Killed a meat berserker
    17 | D        | Killed a meat berserker
    17 | D        | Reached *** piety under Makhleb
    17 | D        | Noticed a meat berserker
    17 | D        | Noticed a bag of meat
    17 | D        | Noticed a meat berserker
    18 | D        | Gained mutation: You frequently emit foul miasma when
                  | damaged in melee. [demonic ancestry]
    18 | D        | Reached XP level 15. HP: 47/119 MP: 16/16
    18 | D        | Killed a meat berserker
    19 | D        | Noticed a meat berserker
    20 | D        | Reached skill level 27 in Axes
    20 | D        | Reached **** piety under Makhleb
    21 | D        | Reached XP level 16. HP: 102/138 MP: 17/17
    21 | D        | Killed a meat berserker
    21 | D        | Noticed a meat berserker
    22 | D        | Reached skill level 10 in Dodging
    22 | D        | Killed a meat berserker
    22 | D        | Killed a meat berserker
    22 | D        | Reached ***** piety under Makhleb
    23 | D        | Gained mutation: When hurt, damage is shared between your
                  | health and your magic reserves. [demonic ancestry]
    23 | D        | Reached XP level 17. HP: 164/164 MP: 18/18
    24 | D        | Noticed a large bag of meat
    25 | D        | Reached skill level 27 in Unarmed Combat
    25 | D        | Killed a meat berserker
    25 | D        | Noticed a meat berserker
    26 | D        | Reached skill level 27 in Fighting
    26 | D        | Killed a meat berserker
    26 | D        | Noticed a meat berserker
    27 | D        | Reached XP level 18. HP: 182/182 MP: 19/19
    28 | D        | Killed a meat berserker
    28 | D        | Reached ****** piety under Makhleb
    28 | D        | Noticed a meat berserker
    29 | D        | Reached skill level 27 in Dodging
    29 | D        | Killed a meat berserker
    30 | D        | Reached skill level 5 in Short Blades
    30 | D        | Reached skill level 5 in Long Blades
    30 | D        | Reached skill level 5 in Maces & Flails
    30 | D        | Reached skill level 5 in Polearms
    30 | D        | Reached skill level 5 in Staves
    30 | D        | Reached skill level 5 in Ranged Weapons
    30 | D        | Reached skill level 5 in Throwing
    30 | D        | Reached skill level 5 in Armour
    30 | D        | Reached skill level 5 in Shields
    30 | D        | Reached skill level 5 in Spellcasting
    30 | D        | Reached skill level 5 in Conjurations
    30 | D        | Reached skill level 5 in Summonings
    30 | D        | Reached skill level 5 in Translocations
    30 | D        | Reached skill level 5 in Transmutations
    30 | D        | Reached skill level 5 in Fire Magic
    30 | D        | Reached skill level 5 in Ice Magic
    30 | D        | Reached skill level 5 in Air Magic
    30 | D        | Reached skill level 5 in Earth Magic
    30 | D        | Gained mutation: You are robust. (+10% HP) [demonic
                  | ancestry]
    30 | D        | Reached XP level 19. HP: 182/207 MP: 19/26
    30 | D        | Noticed a destroyer
    31 | D        | Reached skill level 10 in Invocations
    31 | D        | Noticed a destroyer
    32 | D        | Killed a meat berserker
    32 | D        | Killed a destroyer
    33 | D        | Reached skill level 10 in Necromancy
    33 | D        | Reached skill level 10 in Fire Magic
    33 | D        | Reached skill level 10 in Ice Magic
    33 | D        | Reached skill level 10 in Air Magic
    33 | D        | Reached skill level 10 in Earth Magic
    33 | D        | Reached XP level 20. HP: 216/216 MP: 19/33
    33 | D        | Killed a meat berserker
    34 | D        | Reached skill level 10 in Conjurations
    34 | D        | Reached skill level 10 in Summonings
    34 | D        | Reached skill level 15 in Invocations
    35 | D        | Reached skill level 10 in Short Blades
    35 | D        | Reached skill level 10 in Long Blades
    35 | D        | Reached skill level 10 in Maces & Flails
    35 | D        | Reached skill level 10 in Polearms
    35 | D        | Reached skill level 10 in Staves
    35 | D        | Reached skill level 10 in Ranged Weapons
    35 | D        | Reached skill level 10 in Throwing
    35 | D        | Reached skill level 10 in Armour
    35 | D        | Reached skill level 10 in Shields
    35 | D        | Reached skill level 10 in Spellcasting
    35 | D        | Reached skill level 10 in Translocations
    35 | D        | Reached skill level 10 in Transmutations
    35 | D        | Killed a large bag of meat
    35 | D        | Killed a meat berserker
    36 | D        | Gained mutation: You are completely covered in large bone
                  | plates. (SH +8) [demonic ancestry]
    36 | D        | Reached XP level 21. HP: 181/224 MP: 16/35
    38 | D        | Killed a destroyer
    38 | D        | Noticed a destroyer
    42 | D        | Noticed a large bag of meat
    43 | D        | Reached skill level 15 in Hexes
    43 | D        | Reached skill level 15 in Necromancy
    43 | D        | Reached skill level 15 in Poison Magic
    43 | D        | Reached skill level 15 in Evocations
    43 | D        | Gained mutation: You are very robust. (+20% HP) [demonic
                  | ancestry]
    43 | D        | Reached XP level 22. HP: 224/254 MP: 16/38
    43 | D        | Noticed a destroyer
    46 | D        | Reached skill level 15 in Ice Magic
    47 | D        | Reached skill level 15 in Fire Magic
    47 | D        | Reached skill level 15 in Air Magic
    47 | D        | Reached skill level 15 in Earth Magic
    48 | D        | Reached skill level 15 in Conjurations
    48 | D        | Reached skill level 15 in Summonings
    50 | D        | Killed a large bag of meat
    52 | D        | Gained mutation: When low on magic, you restore magic in
                  | place of health. [demonic ancestry]
    52 | D        | Reached XP level 23. HP: 72/262 MP: 2/41
    52 | D        | Killed a destroyer
    56 | D        | Killed a destroyer
    56 | D        | Noticed a tyrant
    59 | D        | Reached skill level 27 in Shields
    59 | D        | Noticed a large bag of meat
    61 | D        | Reached skill level 15 in Short Blades
    61 | D        | Reached skill level 15 in Long Blades
    61 | D        | Reached skill level 15 in Maces & Flails
    61 | D        | Reached skill level 15 in Polearms
    61 | D        | Reached skill level 15 in Staves
    61 | D        | Reached skill level 15 in Ranged Weapons
    61 | D        | Reached skill level 15 in Throwing
    61 | D        | Reached skill level 15 in Armour
    61 | D        | Reached skill level 15 in Spellcasting
    61 | D        | Reached skill level 15 in Translocations
    61 | D        | Reached skill level 15 in Transmutations
    62 | D        | Noticed a meat beast
    62 | D        | Noticed a meat beast
    64 | D        | Reached XP level 24. HP: 226/272 MP: 8/42
    64 | D        | Noticed a large bag of meat
    65 | D        | Noticed an accursed
    66 | D        | Killed a meat beast
    66 | D        | Killed a tyrant
    67 | D        | Noticed a dread
    67 | D        | Noticed a meat beast
    68 | D        | Gained mutation: You are extremely robust. (+30% HP)
                  | [demonic ancestry]
    68 | D        | Reached XP level 25. HP: 272/304 MP: 9/44
    68 | D        | Killed a large bag of meat
    68 | D        | Killed a meat beast
    68 | D        | Noticed a destroyer
    69 | D        | Reached skill level 27 in Invocations
    69 | D        | Noticed a meat beast
    69 | D        | Noticed an accursed
    69 | D        | Noticed an accursed
    70 | D        | Reached XP level 26. HP: 302/314 MP: 10/46
    70 | D        | Noticed a meat beast
    71 | D        | Killed a meat beast
    71 | D        | Noticed a dread
    72 | D        | Noticed a dread
    72 | D        | Noticed an accursed
    73 | D        | Reached XP level 27. HP: 310/323 MP: 13/47
    73 | D        | Killed a meat beast
    74 | D        | Killed a meat beast
    74 | D        | Killed a dread
    74 | D        | Noticed a destroyer
    75 | D        | Reached skill level 27 in Necromancy
    75 | D        | Noticed a destroyer
    76 | D        | Killed a dread
    76 | D        | Killed a large bag of meat
    77 | D        | Reached skill level 27 in Poison Magic
    77 | D        | Reached skill level 27 in Evocations
    77 | D        | Mangled by a meat berserker

Illustrated notes

Levels and vault maps discovered:
D:        meatsprint

Skill      XL: |  1  2  3  4  5  6  7  8  9 10 11 12 13 14 15 16 17 18 19 20 21 22 23 24 25 26 27 |
---------------+----------------------------------------------------------------------------------+-----
Axes           | 3 10 18 20 24 27 | 27.0
Dodging        | 2 5 6 9 12 22 27 | 27.0
Stealth        | 24 27 | 27.0
Unarmed Combat | 6 10 13 14 16 20 25 27 | 27.0
Fighting       | 4 7 8 11 16 23 27 | 27.0
Short Blades   | 5 9 10 12 14 15 18 19 21 24 | 24.3
Long Blades    | 5 9 10 12 14 15 17 18 20 22 | 22.9
Maces & Flails | 5 9 10 12 14 15 17 19 20 22 | 22.9
Polearms       | 5 9 10 12 14 15 17 19 20 22 | 22.9
Staves         | 5 9 10 12 14 15 17 18 20 22 | 22.9
Ranged Weapons | 5 9 10 12 14 15 17 18 20 22 | 22.9
Throwing       | 5 9 10 12 14 15 17 19 20 23 | 23.7
Armour         | 5 9 10 12 14 15 17 19 20 23 | 23.7
Shields        | 5 9 10 12 14 27 | 27.0
Spellcasting   | 5 9 10 12 14 15 17 19 20 23 | 23.7
Conjurations   | 5 9 11 13 15 16 18 20 22 25 | 25.6
Hexes          | 6 11 13 15 17 18 20 21 23 26 | 26.5
Summonings     | 5 9 11 13 15 17 19 21 23 26 | 26.2
Necromancy     | 6 10 12 15 16 18 21 23 25 27 | 27.0
Translocations | 5 9 10 12 14 15 18 19 21 24 | 24.3
Transmutations | 5 9 10 12 14 15 18 19 21 24 | 24.3
Fire Magic     | 5 10 12 14 15 17 19 20 22 25 | 25.1
Ice Magic      | 5 10 12 14 16 17 19 21 22 25 | 25.2
Air Magic      | 5 10 12 14 15 17 19 20 22 25 | 25.1
Earth Magic    | 5 10 12 14 15 17 19 20 22 25 | 25.1
Poison Magic   | 6 11 13 15 17 18 20 22 24 27 | 27.0
Invocations    | 8 14 16 19 21 23 26 27 | 27.0
Evocations     | 6 11 13 15 17 18 20 22 24 27 | 27.0

Action                     |  1- 3 |  4- 6 |  7- 9 | 10-12 | 13-15 | 16-18 | 19-21 | 22-24 | 25-27 || total
---------------------------+-------+-------+-------+-------+-------+-------+-------+-------+-------++-------
  Melee: Executioner's axe |     1 |       |       |     2 |     5 |     9 |    12 |    19 |     8 ||    56
 Armour: Robe              |       |       |       |       |       |       |       |     2 |       ||     2
  Dodge: Dodged            |       |       |       |     1 |       |       |       |     1 |     1 ||     3
  Block: Other             |       |       |       |       |       |       |       |     1 |       ||     1

Table legend: (Time is in decaauts)
 A = Elapsed time spent in this place.
 B = Non-inter-level travel time spent in this place.
 C = Inter-level travel time spent in this place.
 D = Time resting spent in this place.
 E = Time spent auto-exploring this place.
 F = Levels seen in this place.
 G = Mean time per level.
                   A        B        C        D        E       F      G
               +--------+--------+--------+--------+--------+-----+--------+
         Total |     62 |     62 |      0 |      0 |      0 |   1 |   62.0 |
       Dungeon |     62 |     62 |      0 |      0 |      0 |   1 |   62.0 |
               +--------+--------+--------+--------+--------+-----+--------+

Top non-repeatable levels by time:
       D: 62 daAuts
